Replay - EnVyUsPolt v Solar - King Sejong Station LE

Build Order

Get SALT Encoding   

  12  0:00  SCV  
  13  0:13  SCV  
  14  0:17  Supply Depot  
  14  0:25  SCV  
  15  0:38  SCV  
  15  0:39  Barracks  
  16  0:44  Refinery  
  16  0:50  SCV  
  17  1:03  SCV  
  18  1:15  SCV  
  19  1:27  Orbital Command, Reaper  
  20  1:38  Command Center  
  20  1:50  Supply Depot  
  20  1:52  SCV  
  21  1:59  Marine  
  22  2:04  SCV  
  22  2:07  Factory  
  23  2:16  SCV  
  23  2:17  Refinery  
  23  2:18  Marine  
  25  2:29  SCV  
  26  2:36  Marine  
  27  2:41  SCV  
  25  2:51  Orbital Command  
  28  2:53  Starport, SCV  
  28  2:55  Barracks Reactor  
  28  2:57  Bunker  
  28  2:58  Factory Tech Lab  
  29  3:05  SCV  
  30  3:17  SCV  
  30  3:19  SCV  
  32  3:22  Siege Tank  
  35  3:31  SCV, Marine x2  
  35  3:32  SCV  
  35  3:33  Supply Depot  
  38  3:38  Medivac  
  40  3:43  SCV  
  40  3:44  SCV  
  42  3:58  SCV x2  
  42  4:02  Supply Depot, Marine  
  45  4:03  Stimpack, Command Center  
  45  4:10  SCV x2  
  45  4:11  Viking  
  49  4:22  SCV x2  
  51  4:25  Barracks  
  51  4:26  Factory Reactor  
  51  4:28  Marine  
  51  4:29  Barracks  
  52  4:34  SCV x2  
  54  4:39  Refinery  
  54  4:40  Refinery  
  54  4:43  Supply Depot  
  54  4:48  SCV x2  
  54  4:49  Starport Reactor  
  54  4:50  Marine  
  57  4:59  Engineering Bay  
  57  5:00  Engineering Bay  
  57  5:02  SCV x2  
  59  5:08  Marine  
  59  5:14  SCV x2, Orbital Command  
  62  5:16  Marine x2  
  62  5:17  Factory Reactor  
  64  5:26  SCV x2  
  64  5:27  Marine x3  
  69  5:28  Medivac x2  
  69  5:30  Terran Infantry Weapons Level 1  
  69  5:33  Terran Infantry Armor Level 1  
  73  5:38  SCV x2  
  75  5:49  Orbital Command, Marine x2  
  75  5:50  Marine x2  
  75  5:54  SCV x2  
  81  5:59  Supply Depot  
  81  6:01  Supply Depot x2  
  81  6:06  SCV x2  
  81  6:07  Combat Shields  
  81  6:08  Marine x2  
  85  6:21  SCV x3, Marine x3  
  85  6:23  Barracks x2, Widow Mine x2  
  95  6:33  SCV x3  
  95  6:35  Medivac x2, Marine x2  
  95  6:38  Marine x3  
  102  6:43  Armory  
  102  6:45  SCV x3  
  100  6:55  Marine x2  
  100  6:56  Widow Mine x2, Marine x3  
  109  7:02  Missile Turret  
  109  7:05  Refinery  
  109  7:06  Bunker  
  109  7:09  Supply Depot  
  109  7:10  Supply Depot  
  109  7:11  Barracks Reactor x2  
  109  7:12  Supply Depot  
  109  7:13  Refinery  
  109  7:18  Marine x5  
  112  7:25  Widow Mine x2  
  116  7:30  Medivac x2, Factory  
  116  7:35  Supply Depot  
  116  7:36  Supply Depot  
  120  7:38  Marine x4, Marauder  
  120  7:43  Terran Infantry Weapons Level 2, Terran Infantry Armor Level 2  
  126  7:51  Marine x4  
  126  7:55  Marine x2  
  126  7:56  Marine x2  
  134  7:59  Marauder  
  136  8:06  Widow Mine x2  
  136  8:09  Medivac x2, Marine x4  
  147  8:13  Marine x4  
  148  8:20  Barracks  
  148  8:21  Barracks, Marauder  
  148  8:23  Barracks, Supply Depot x2  
  148  8:24  Supply Depot  
  149  8:29  Marine x4  
  149  8:31  Marine x4  
  157  8:36  Factory Tech Lab  
  157  8:42  Supply Depot  
  157  8:43  Supply Depot  
  157  8:44  Widow Mine x2  
  157  8:45  Marauder  
  163  8:55  Marine x8  
  168  9:07  Marauder  
  169  9:10  Thor  
  169  9:16  Marine x6  
  169  9:17  Marine x2  
  175  9:18  Widow Mine x2  
  170  9:26  Medivac x2  
  170  9:28  Marauder  
  165  9:37  Marine x10  
  173  9:49  Marauder  
  173  9:51  Widow Mine x2  
  173  9:52  Widow Mine  
  178  9:56  Medivac x2  
Spawning Tool Build Advisor. Get it on Overwolf

Go to:

Details

  • Created by: Voltec  
  • Published on: Jun 07, 2016
  • Modified on: Jun 07, 2016
  • Patch: Pre-3.8.0
Show
View Real Time Build Order
Export as new Build Order

Comments (1)

On June 8, 2016, 11:16 p.m., StoicLoofah  said:

Can you explain a bit about what is going on in this Polt build and how it works?

Create an account to comment!